 Dungeon Crawl Stone Soup version 0.29-a0-40-g8eb35efe60 (webtiles) character file.

Game seed: 783100275394412101

12741 HallandMoats the Fighter (level 11, -12/109 HPs)
             Began as a Gargoyle Fighter on Feb 2, 2022.
             Was an Elder of the Shining One.
             Mangled by a cyan ugly thing (16 damage)
             ... on level 15 of the Dungeon.
             The game lasted 00:19:04 (12076 turns).

HallandMoats the Fighter (Gargoyle Fighter)        Turns: 12076, Time: 00:19:04

Health: -12/109    AC: 25    Str: 24    XL:     11   Next: 98%
Magic:  18/18      EV:  2    Int:  9    God:    the Shining One [****..]
Gold:   510        SH: 10    Dex: 14    Spells: 10/10 levels left

rFire   + . .      SeeInvis +   b - +3 spear (venom)
rCold   + + +      Faith    .   c - +0 buckler
rNeg    + + +      Spirit   .   (armour currently unavailable)
rPois   ∞          Reflect  +   (helmet currently unavailable)
rElec   .          Harm     .   (cloak currently unavailable)
rCorr   .          Rampage  .   (gloves currently unavailable)
Will    .....      NoTele   +   (boots currently unavailable)
Stlth   +.........              h - amulet of reflection
HPRegen 0.28/turn               l - +4 ring of slaying
MPRegen 0.16/turn               i - ring of Ceruung {Contam rF+ rC+++ Dex+5 SInv}

@: mighty, tree-form, glowing
A: stationary, stasis, torment immunity, boosted hp, sickness immunity, AC +8,
negative energy resistance 1, (electricity resistance), torment resistance 1,
petrification resistance, screaming 1
a: Renounce Religion, Divine Shield, Cleansing Flame


You were on level 15 of the Dungeon.
You worshipped the Shining One.
The Shining One was greatly pleased with you.
You were a tree.
You visited 2 branches of the dungeon, and saw 14 of its levels.
You also visited: Ossuary.

You collected 510 gold pieces.

Inventory:

Hand Weapons
 a - a +0 hand axe
 b - a +3 spear of venom (weapon)
Armour
 c - a +0 buckler (worn)
 g - a +0 helmet (melded)
 y - a +0 pair of gloves (melded)
 G - +0 acid dragon scales (melded)
 H - a +0 troll leather armour
Jewellery
 h - an amulet of reflection (around neck)
 i - the ring of Ceruung (right branch) {Contam rF+ rC+++ Dex+5 SInv}
   (You found it on level 2 of the Dungeon)

   [ring of protection from fire]

   Dex:       It affects your dexterity (+5).
   rF:        It protects you from fire.
   rC:        It renders you almost immune to cold.
   SInv:      It lets you see invisible.
   Contam:    It causes magical contamination when unequipped.
 l - a +4 ring of slaying (left branch)
 s - an amulet of guardian spirit
 t - a ring of resist corrosion
 D - a ring of protection from cold
 E - a ring of flight
Wands
 d - a wand of digging (3)
 m - a wand of flame (4)
 C - a wand of acid (15)
 I - a wand of polymorph (3)
Scrolls
 o - 2 scrolls of amnesia
 r - a scroll of enchant weapon
Potions
 f - 2 potions of might
 k - a potion of magic
 n - 2 potions of lignification
 p - 2 potions of mutation
 v - 2 potions of flight
 w - 2 potions of attraction {unknown}
 x - a potion of berserk rage {unknown}
 z - a potion of resistance {unknown}
 A - 4 potions of curing
 B - 2 potions of invisibility {unknown}
 J - 2 potions of brilliance {unknown}


   Skills:
 * Level 10.8 Fighting
 * Level 8.8 Axes
 + Level 7.9 Armour
 + Level 5.3 Dodging
 - Level 4.4 Shields
 * Level 10.3 Invocations


You had 10 spell levels left.
You didn't know any spells.
Your spell library contained the following spells:

 Spells                   Type           Power      Damage    Failure   Level
 Apportation              Tloc           0%         N/A       45%         1
 Freeze                   Ice            0%         1d3       45%         1
 Sting                    Tmut/Pois      0%         1d3       45%         1
 Ensorcelled Hibernation  Hex/Ice        0%         N/A       61%         2
 Poisonous Vapours        Pois/Air       0%         N/A       61%         2
 Frozen Ramparts          Ice            0%         1d2       83%         3
 Ignite Poison            Fire/Tmut/Pois 0%         N/A       83%         3
 Mephitic Cloud           Conj/Pois/Air  0%         N/A       83%         3
 Ozocubu's Armour         Ice            0%         N/A       83%         3
 Spider Form              Tmut/Pois      0%         N/A       83%         3
 Anguish                  Hex/Necr       0%         N/A       99%         4
 Hailstorm                Conj/Ice       0%         3d3       99%         4
 Leda's Liquefaction      Hex/Erth       0%         N/A       99%         4
 Olgreb's Toxic Radiance  Pois           0%         N/A       99%         4
 Alistair's Intoxication  Tmut/Pois      0%         N/A       100%        5
 Freezing Cloud           Conj/Ice/Air   0%         6-21      100%        5
 Lee's Rapid Deconstruct  Erth           0%         3d5*      100%        5
 Metabolic Englaciation   Hex/Ice        0%         N/A       100%        5
 Simulacrum               Ice/Necr       0%         N/A       100%        6
 Statue Form              Tmut/Erth      Unusable   N/A       N/A         6

Dungeon Overview and Level Annotations

Branches:
Dungeon (15/15)            Temple (1/1) D:5            Lair (0/6) D:8
    Orc (0/2) D:9         Ossuary (visited)
 Vaults: D:13-14     Depths: D:15

Altars:
Ashenzari
Cheibriados
Dithmenos
Elyvilon
Fedhas
Gozag
Hepliaklqana
Kikubaaqudgha
Makhleb
Nemelex Xobeh
Okawaru
Qazlal
Ru
Sif Muna
Trog
Uskayaw
Vehumet
Wu Jian
Xom
Yredelemnul
Zin
The Shining One

Annotations:
D:8 1 runed translucent door, Clumpoid's ghost, novice GnFi
D:14 Azrael


Innate Abilities, Weirdness & Mutations

You are a tree.
Your roots penetrate the ground, keeping you stationary.
You cannot be teleported.
You are immune to unholy pain and torment.
Your maximum health is greatly increased.
Your equipment is partially melded.
You are immune to sickness and miasma.
((Your stone body is resilient. (AC +8)))
You are immune to poison.
You resist negative energy. (rN+)
((You are resistant to electric shocks. (rElec)))
You are resistant to unholy torment.
You are immune to petrification.
You occasionally shout uncontrollably at your foes.


Message History

You feel much better.
The red ugly thing kicks you but does no damage.
You block the wraith's attack. The cyan ugly thing engulfs you!
The cyan ugly thing shocks you!
* * * LOW HITPOINT WARNING * * *
You feel much better. You block the red ugly thing's attack.
The deep elf pyromancer mumbles some strange words.
The deep elf pyromancer blinks!
You block the wraith's attack. The cyan ugly thing engulfs you.
The cyan ugly thing shocks you!
You feel very mighty all of a sudden. The wraith hits you!
The deep elf pyromancer mumbles some strange words.
The deep elf pyromancer blinks!
You block the cyan ugly thing's attack.
Really quaff the potion of mutation?
You feel extremely strange.
You feel resistant to cold.
You feel clumsy.
You feel robust.
The red ugly thing basks in the mutagenic energy from its kin and changes!
The cyan ugly thing tail-slaps you but does no damage.
You block the wraith's attack.
The cyan ugly thing engulfs you but does no damage.
Really quaff the potion of mutation?
You feel extremely strange.
You feel agile.
You no longer feel cold resistant.
You feel frail.
You feel resistant to cold.
You feel clever.
You no longer feel cold resistant.
The cyan ugly thing basks in the mutagenic energy from its kin and changes!
The wraith hits you but does no damage. The cyan ugly thing engulfs you.
The cyan ugly thing shocks you!
* * * LOW HITPOINT WARNING * * *
Unknown command.
Unknown command.
Really quaff the potion of mutation?
You feel extremely strange.
You feel stupid.
You feel the urge to shout. The wraith hits you!
* * * LOW HITPOINT WARNING * * *
The cyan ugly thing engulfs you but does no damage.
The cyan ugly thing pecks you.
* * * LOW HITPOINT WARNING * * *
The cyan ugly thing shocks you!
You die...

#..°.e.u§.'u.....
######.#########......
#...##.#### ##.....#
#...##.#..# #....#.#
#...##.#..### #.#### .
#......#....###e#####.
########'####c......°cc.....W
#.........##uWW..#.#W..######
#.........##♣#####.#u### .
#........pzuu# #c#.# .#.
#.........#### #.#.# .W.
#.........# #z#.# #...
#.........# #u#c# ##....
#.........# #p#u###.....
########### #..°.c......
###.u.up.... #.###u....


You could see 3 ugly things, a skeletal warrior, a centaur warrior, a wizard and
2 wraiths.

Vanquished Creatures
  A boulder beetle (D:14)
  A centaur warrior (D:15)
  A two-headed ogre (D:10)
  Sonja (D:10)
  4 skeletal warriors (D:15)
  A cyclops (D:14)
  The ghost of Triskal the Ducker, a novice GnGl of Ashenzari (D:5)
  Maggie (D:8)
  A freezing wraith (D:15)
  A troll (D:10)
  A hornet (D:10)
  A shadow (D:9)
  A wraith (D:9)
  2 wyverns (D:8)
  14 yaks
  A basilisk (D:8)
  An acid dragon (D:9)
  A water moccasin (D:7)
  2 orc warriors (D:9)
  2 ice beasts (D:6)
  2 black bears
  2 ogres
  2 necrophages
  3 centaurs
  A kobold brigand (D:8)
  2 bullfrogs (D:8)
  A wyvern zombie (D:8)
  2 gnoll sergeants
  2 scorpions
  2 water moccasin zombies (Ossuary)
  A wyvern skeleton (D:7)
  9 wights
  2 howler monkeys (D:6)
  A bullfrog zombie (D:7)
  3 centaur zombies
  2 jellies (D:6)
  A centaur skeleton (D:5)
  2 hounds (D:5)
  5 orc priests
  A gnoll shaman (D:7)
  3 iguanas
  Natasha (thrice) (D:2)
  5 orc wizards
  A statue (D:4)
  Robin (D:2)
  2 howler monkey zombies
  2 mummies (Ossuary)
  5 adders
  15 gnolls
  A shadow imp (D:7)
  A white imp (D:8)
  4 adder zombies (Ossuary)
  3 worms
  3 dart slugs
  25 orcs
  4 endoplasms
  A giant cockroach (D:4)
  2 gnoll zombies (Ossuary)
  16 goblins
  5 hobgoblins
  2 jackals (D:1)
  16 kobolds
  6 quokkas
  5 ball pythons
  5 bats
  A frilled lizard (D:2)
  2 hobgoblin zombies (Ossuary)
  6 kobold zombies (Ossuary)
  7 orc zombies (Ossuary)
  7 rats
244 creatures vanquished.

Vanquished Creatures (collateral kills)
  A kobold brigand (D:5)
1 creature vanquished.

Vanquished Creatures (others)
  A kobold (D:5)
  2 fungi (D:5)
  2 plants (D:5)
5 creatures vanquished.

Grand Total: 250 creatures vanquished

Notes
Turn   | Place    | Note
-------+----------+-------------------------------------------
     0 | D:1      | HallandMoats the Gargoyle Fighter began the quest for the
                  | Orb.
     0 | D:1      | Reached XP level 1. HP: 14/14 MP: 1/1
   255 | D:1      | Reached XP level 2. HP: 19/19 MP: 2/2
   397 | D:1      | Reached skill level 1 in Invocations
   483 | D:1      | Reached XP level 3. HP: 23/23 MP: 3/3
   739 | D:1      | Found a faded altar of an unknown god.
  1018 | D:2      | Noticed Robin
  1034 | D:2      | Killed Robin
  1195 | D:2      | Identified the ring of Ceruung {Contam rF+ rC+++ Dex+5
                  | SInv}
  1220 | D:2      | Noticed Natasha
  1226 | D:2      | Killed Natasha
  1227 | D:2      | Reached XP level 4. HP: 27/29 MP: 5/5
  1285 | D:2      | Found an opulent altar of Gozag.
  1734 | D:2      | Noticed Natasha
  1741 | D:2      | Killed Natasha
  1749 | D:2      | Noticed Natasha
  1756 | D:2      | Killed Natasha
  1757 | D:2      | Reached skill level 1 in Dodging
  1757 | D:2      | Reached XP level 5. HP: 27/33 MP: 6/6
  2006 | D:3      | Noticed an ogre
  2015 | D:3      | Killed an ogre
  2016 | D:3      | Reached XP level 6. HP: 27/39 MP: 6/8
  2153 | D:3      | Found a sparkling altar of Nemelex Xobeh.
  2517 | D:4      | Found a radiant altar of Vehumet.
  2851 | D:4      | Found a sacrificial altar of Ru.
  2939 | D:4      | Found a broken altar of Ashenzari.
  3564 | D:4      | Reached XP level 7. HP: 44/44 MP: 9/9
  3606 | D:4      | Reached skill level 5 in Fighting
  4291 | D:5      | Entered Level 5 of the Dungeon
  4664 | D:5      | Found a runed translucent gate.
  4665 | D:5      | Found a runed translucent gate.
  4666 | D:5      | Found a runed translucent gate.
  4666 | D:5      | Noticed Triskal's ghost (novice GnGl)
  4698 | D:5      | Reached XP level 8. HP: 50/50 MP: 11/11
  4881 | D:5      | Found a staircase to the Ecumenical Temple.
  4910 | Temple   | Entered the Ecumenical Temple
  5026 | Temple   | Became a worshipper of the Shining One
  5311 | D:5      | Killed Triskal's ghost
  5312 | D:5      | Reached skill level 5 in Invocations
  5409 | D:6      | Reached skill level 5 in Armour
  5610 | D:6      | Reached skill level 5 in Axes
  5860 | D:7      | Reached XP level 9. HP: 56/56 MP: 13/13
  6273 | D:7      | Reached * piety under the Shining One
  6367 | D:7      | Found a hide-covered altar of Uskayaw.
  6695 | D:8      | Found a runed translucent door.
  6695 | D:8      | Noticed Clumpoid's ghost (novice GnFi)
  6703 | D:8      | Found a sand-covered staircase.
  6707 | Ossuary  | Entered an ossuary
  6737 | Ossuary  | Reached ** piety under the Shining One
  6809 | Ossuary  | Reached *** piety under the Shining One
  7381 | D:8      | Found a staircase to the Lair.
  7397 | D:8      | Reached XP level 10. HP: 61/64 MP: 15/15
  7546 | D:8      | Found an ancient bone altar of Kikubaaqudgha.
  7817 | D:8      | Noticed Maggie
  7833 | D:8      | Killed Maggie
  8091 | D:8      | Found an iron altar of Okawaru.
  8091 | D:8      | Found a glowing silver altar of Zin.
  8249 | D:9      | Found a staircase to the Orcish Mines.
  9266 | D:10     | Entered Level 10 of the Dungeon
  9566 | D:10     | Noticed Sonja
  9588 | D:10     | Killed Sonja
  9788 | D:10     | Reached XP level 11. HP: 57/71 MP: 17/17
 10488 | D:10     | Reached **** piety under the Shining One
 10512 | D:10     | Reached skill level 10 in Fighting
 10659 | D:10     | Noticed a two-headed ogre
 10990 | D:10     | Killed a two-headed ogre
 11295 | D:11     | You fall into a shaft and drop 3 floors!
 11295 | D:14     | Noticed Azrael
 11300 | D:14     | Noticed a boulder beetle
 11309 | D:14     | Noticed a cyclops
 11311 | D:14     | Killed a boulder beetle
 11313 | D:14     | Noticed a red ugly thing
 11314 | D:14     | Noticed a red ugly thing
 11314 | D:14     | Noticed a red ugly thing
 11319 | D:14     | Killed a cyclops
 11326 | D:14     | Noticed a manticore
 11364 | D:14     | Noticed a cyclops
 11366 | D:14     | Noticed a seven-headed hydra
 11470 | D:15     | Entered Level 15 of the Dungeon
 11495 | D:15     | Noticed a centaur warrior
 11514 | D:15     | Killed a centaur warrior
 11515 | D:15     | Reached skill level 5 in Dodging
 11748 | D:15     | Noticed a skeletal warrior
 11749 | D:15     | Noticed a skeletal warrior
 11770 | D:15     | Killed a skeletal warrior
 11800 | D:15     | Killed a skeletal warrior
 11801 | D:15     | Reached skill level 10 in Invocations
 11881 | D:15     | Noticed a skeletal warrior
 11882 | D:15     | Noticed a skeletal warrior
 11911 | D:15     | Killed a skeletal warrior
 11925 | D:15     | Killed a skeletal warrior
 12014 | D:15     | Noticed a brown ugly thing
 12014 | D:15     | Noticed a red ugly thing
 12014 | D:15     | Noticed a red ugly thing
 12015 | D:15     | Noticed a wizard
 12016 | D:15     | Noticed a boulder beetle
 12017 | D:15     | Noticed a centaur warrior
 12018 | D:15     | Noticed a skeletal warrior
 12020 | D:15     | Noticed a centaur warrior
 12032 | D:15     | Noticed a deep elf pyromancer
 12074 | D:15     | Gained mutation: Your flesh is cold resistant. (rC+)
                  | [potion of mutation]
 12074 | D:15     | Gained mutation: You are clumsy. (Dex -2) [potion of
                  | mutation]
 12074 | D:15     | Gained mutation: You are robust. (+10% HP) [potion of
                  | mutation]
 12075 | D:15     | Lost mutation: You are clumsy. (Dex -2) [potion of
                  | mutation]
 12075 | D:15     | Lost mutation: Your flesh is cold resistant. (rC+) [potion
                  | of mutation]
 12075 | D:15     | Lost mutation: You are robust. (+10% HP) [potion of
                  | mutation]
 12075 | D:15     | Gained mutation: Your flesh is cold resistant. (rC+)
                  | [potion of mutation]
 12075 | D:15     | Gained mutation: Your mind is acute. (Int +2) [potion of
                  | mutation]
 12075 | D:15     | Lost mutation: Your flesh is cold resistant. (rC+) [potion
                  | of mutation]
 12076 | D:15     | Lost mutation: Your mind is acute. (Int +2) [potion of
                  | mutation]
 12076 | D:15     | Gained mutation: You occasionally shout uncontrollably at
                  | your foes. [potion of mutation]
 12076 | D:15     | HP: 4/109 [cyan ugly thing (5)]
 12076 | D:15     | Mangled by a cyan ugly thing

Illustrated notes

Levels and vault maps discovered:
D:1:      dpeg_arrival_pond, layout_basic,
          shapermc_ecumenical_altar_mp_highgroup
D:2:      layout_basic, basic_altar, uniq_robin, uniq_natasha
D:3:      layout_basic, nemelex_xobeh_ov_fountains_minmay
D:4:      layout_basic, vehumet_statue, mainiacjoe_overflow_catch_the_wave
D:5:      layout_basic, temple_statues, gammafunk_ghost_nasty_kobolds,
          dk_noncrumbling_4, minivault_11
D:6:      layout_rooms
D:7:      layout_rooms, kennysheep_mini_moat
D:8:      layout_gridville, amcnicky_altar_gilded,
          gammafunk_temple_overflow_elements, david_lair_generic,
          enter_bailey_8, gammafunk_ghost_grave, enter_ossuary_5, uniq_maggie
D:9:      nicolae_cairo_tiling, layout_stronghold, orc_0_dummy,
          roderic_cross_of_infinity, hangedman_abyss_or_decor_stabs
D:10:     layout_irregular_city, minmay_misc_feat_diagonals, uniq_sonja
D:11:     layout_irregular_city, serial_shops, nicolae_shop_crystal,
          nicolae_shop_statue_plus, shop, nicolae_shop_bloodbath_and_beyond,
          gammafunk_ghost_necromancy
D:14:     layout_gridville, lemuel_round_altar, uniq_azrael
D:15:     gammafunk_enter_depths_forms, layout_basic, serial_park_square3
          [serial_park_minivault_5x5_4], uniq_josephine
Temple:   jpeg_temple_clearing

Skill      XL: |  1  2  3  4  5  6  7  8  9 10 11 |
---------------+----------------------------------+-----
Axes           | 2 3 4 5 6 7 8 |  8.8
Invocations    | 1 2 3 4 5 7 8 10 | 10.3
Fighting       | 4 5 6 8 9 10 | 10.8
Dodging        | 1 2 3 4 5 |  5.3
Armour         | 4 5 6 7 |  7.9
Shields        | 4 |  4.4

Action                   |  1- 3 |  4- 6 |  7- 9 | 10-12 || total
-------------------------+-------+-------+-------+-------++-------
Melee: Hand axe          |   114 |       |       |       ||   114
       War axe           |     1 |       |       |       ||     1
       Spear             |     7 |   125 |   352 |   348 ||   832
Invok: Divine Shield     |       |       |     1 |     5 ||     6
Evoke: Wand              |       |       |       |     8 ||     8
  Use: Potion            |     1 |       |     1 |     8 ||    10
       Scroll            |       |     3 |     7 |     9 ||    19
Armor: Scale mail        |    77 |    33 |    94 |     8 ||   212
       Swamp dragon scal |       |       |       |    19 ||    19
       Acid dragon scale |       |       |       |    57 ||    57
       Skin              |       |       |       |     6 ||     6
Dodge: Dodged            |    66 |    39 |    83 |   106 ||   294
Block: Buckler           |    28 |    18 |   107 |   189 ||   342
       Reflection        |       |       |     4 |    11 ||    15

Table legend: (Time is in decaauts)
 A = Elapsed time spent in this place.
 B = Non-inter-level travel time spent in this place.
 C = Inter-level travel time spent in this place.
 D = Time resting spent in this place.
 E = Time spent auto-exploring this place.
 F = Levels seen in this place.
 G = Mean time per level.
                   A        B        C        D        E       F      G
               +--------+--------+--------+--------+--------+-----+--------+
         Total |  12092 |  11706 |    386 |   1849 |   7645 |  15 |  806.1 |
       Dungeon |  11781 |  11431 |    350 |   1849 |   7488 |  13 |  906.2 |
        Temple |    140 |    105 |     35 |      0 |     92 |   1 |  140.0 |
       Ossuary |    170 |    170 |      0 |      0 |     65 |   1 |  170.0 |
               +--------+--------+--------+--------+--------+-----+--------+

Top non-repeatable levels by time:
     D:4: 1800 daAuts
    D:10: 1784 daAuts
     D:9: 1342 daAuts
     D:8: 1329 daAuts
     D:1: 1023 daAuts
     D:5: 956 daAuts
     D:2: 914 daAuts
     D:7: 676 daAuts
    D:15: 597 daAuts
     D:3: 593 daAuts
     D:6: 582 daAuts
    D:14: 173 daAuts
 Ossuary: 170 daAuts
  Temple: 140 daAuts
    D:11: 8 daAuts
